 Dungeon Crawl Stone Soup version 0.28-a0-991-g956f0ee3d5 (webtiles) character file.

Game seed: 9234119714120728295

39992 bearlyready the Severer (level 14, -2/195 HPs)
             Began as a Hill Orc Gladiator on Dec 5, 2021.
             Was an Elder of Trog.
             Slain by an orc warrior (6 damage)
             ... led by an orc knight
             ... on level 1 of the Orcish Mines.
             The game lasted 00:32:00 (26298 turns).

bearlyready the Severer (Hill Orc Gladiator)       Turns: 26298, Time: 00:32:01

Health: -2/195     AC: 13    Str: 22    XL:     14   Next: 9%
Magic:  14/14      EV: 11    Int:  8    God:    Trog [****..]
Gold:   850        SH: 15    Dex: 18    Spells: 13/13 levels left

rFire   . . .      SeeInvis .   h - +1 broad axe (elec)
rCold   . . .      Faith    .   x - +0 tower shield
rNeg    . . .      Spirit   .   S - +0 acid dragon scales
rPois   .          Reflect  .   A - +1 helmet
rElec   .          Harm     .   s - +0 cloak {rCorr}
rCorr   +          Rampage  .   t - +0 pair of gloves
Will    +++..                   (no boots)
Stlth   ..........              (no amulet)
HPRegen 1.42/turn               G - ring of flight
MPRegen 0.14/turn               N - +6 ring of dexterity

@: berserking, strong-willed, flying, regenerating, very quick
A: no striking features
a: Renounce Religion, Berserk, Trog's Hand, Brothers in Arms


You were on level 1 of the Orcish Mines.
You worshipped Trog.
Trog was greatly pleased with you.
You visited 3 branches of the dungeon, and saw 18 of its levels.

You collected 930 gold pieces.
You spent 80 gold pieces at shops.

Inventory:

Hand Weapons
 a - a +0 war axe
 h - a +1 broad axe of electrocution (weapon)
 w - a +2 hand axe of freezing
 L - a +0 battleaxe
Missiles
 q - 16 boomerangs (quivered)
 v - 70 poisoned darts
 I - 2 datura-tipped darts
 J - 3 boomerangs of dispersal
Armour
 c - a +1 ring mail of cold resistance
 s - a +0 cloak of preservation (worn)
 t - a +0 pair of gloves (worn)
 x - a +0 tower shield (worn)
 A - a +1 helmet (worn)
 S - +0 acid dragon scales (worn)
Jewellery
 n - a ring of fire
 y - a ring of poison resistance
 D - a ring of positive energy
 G - a ring of flight (left hand)
 N - a +6 ring of dexterity (right hand)
Wands
 b - a wand of iceblast (1)
 F - a wand of flame (10)
 R - a wand of polymorph (3)
Scrolls
 g - 4 scrolls of immolation
 i - 4 scrolls of teleportation
 j - 2 scrolls of torment {unknown}
 k - 4 scrolls of fog
 l - 2 scrolls of magic mapping
 r - 3 scrolls of noise
 B - 2 scrolls of enchant armour {unknown}
 H - a scroll of holy word
 O - a scroll of silence {unknown}
 T - a scroll of amnesia {unknown}
Potions
 d - 11 potions of attraction
 e - 4 potions of flight
 f - a potion of heal wounds
 m - a potion of resistance {unknown}
 o - 4 potions of might
 p - a potion of invisibility {unknown}
 u - 2 potions of mutation
 z - 2 potions of lignification
 C - 3 potions of haste
 K - 7 potions of curing
 P - 2 potions of brilliance {unknown}
Miscellaneous
 E - a piece from Xom's chessboard (14/15)


   Skills:
 + Level 13.9 Fighting
 + Level 17.4 Axes
 - Level 8.0 Throwing
 + Level 7.7 Armour
 + Level 6.5 Dodging
 + Level 5.2 Shields
 - Level 9.1 Evocations


You had 13 spell levels left.
You didn't know any spells.
Your spell library contained the following spells:

 Spells                   Type           Power      Damage    Failure   Level
 Sandblast                Erth           0%         2d4       100%        1
 Passwall                 Tmut/Erth      0%         N/A       100%        2
 Stone Arrow              Conj/Erth      0%         3d7       100%        3


Dungeon Overview and Level Annotations

Branches:
Dungeon (15/15)            Temple (0/1) D:7            Lair (2/6) D:8
  Swamp (0/4) Lair:2          Orc (1/2) D:11         Vaults (0/5) D:14
 Depths (0/4) D:15
  Snake: Lair:2-4    Spider: Lair:2-4

Altars:
Cheibriados
Dithmenos
Kikubaaqudgha
Makhleb
Sif Muna
Trog
Wu Jian
Xom
Yredelemnul
The Shining One
Beogh

Shops:
D:2 *   D:5 !

Portals:
Trove: D:13 (give 4 potions of resistance)

Annotations:
D:9 3 runed translucent doors, siradein's ghost, novice DsFi
D:11 Urug


Message History

The orc knight is almost dead.
You catch the helpless troll completely off-guard!
You slash the troll! You block the orc knight's attack.
You closely miss the orc knight.
The orc knight is almost dead.
You slash the troll!
You kill the troll!
Trog accepts your kill. You block the orc warrior's attack.
The orc priest mumbles some strange prayers to Beogh against you.
Beogh smites you!
* * * LOW HITPOINT WARNING * * *
The orc knight hits you with a +0 war axe!!
* * * LOW HITPOINT WARNING * * *
The orc priest shouts, "Join the one true god or die!"
You slice the orc knight!!
You feel the power of Trog in you as your rage grows.
You kill the orc knight!
Trog accepts your kill.
The orc warrior no longer looks unusually strong.
You block the orc warrior's attack.
The orc priest no longer looks unusually strong.
Things that are here:
a +0 war axe; a +0 chain mail You feel a strong urge to attack something.
The orc priest threatens, "By the altar or by the axe, you will meet Beogh!"
The orc priest barely misses you.
You barely miss the orc priest.
The orc priest shouts, "Join the one true god or die!"
You closely miss the orc warrior.
The orc warrior hits you with a +0 trident.
* * * LOW HITPOINT WARNING * * *
The orc priest barely misses you.
You slice the orc warrior!!
The orc warrior is severely wounded.
You slash the orc priest!
You kill the orc priest!
Trog accepts your kill.
The orc warrior hits you with a +0 trident.
You die...

#............##
............†.#
....#.....#.##
#.........##...#
..........##...#
............#.####
......#.......##.##
................)o#
...............#@##
......#.##......)##
)))......#.##.....#
.)).........##...)).$..#
))......##.##.##.#......#
.......#.###.. ###..#....
..........###. ....$..
.#..#..#.## #. .......
.#......#.. .. .......


You could see an orc warrior.

Vanquished Creatures
  Kirke (D:13)
  Josephine (D:13)
  2 boulder beetles
  4 hydras (D:14)
  4 two-headed ogres
  A death knight (D:12)
  5 centaur warriors
  A two-headed ogre (shapeshifter) (D:14)
  6 skeletal warriors
  A deep elf pyromancer (D:14)
  3 orc sorcerers
  An orc knight (Orc:1)
  A necromancer (D:15)
  4 cyclopes
  2 manticores
  An ugly thing (D:12)
  A centaur zombie (D:15)
  A naga mage (D:15)
  2 centaur skeletons (D:15)
  4 cane toads (Lair:1)
  A gargoyle (D:11)
  A kobold demonologist (D:13)
  An unseen horror (D:10)
  A cane toad (shapeshifter) (D:13)
  A rime drake (Lair:1)
  A komodo dragon (Lair:1)
  An efreet (D:14)
  8 trolls
  A wolf spider simulacrum (D:15)
  Prince Ribbit (D:7)
  10 slime creatures
  Sigmund (D:6)
  A vampire (D:12)
  7 wraiths
  19 yaks
  2 wyverns
  A shadow (D:10)
  2 hogs (D:13)
  Grum (D:9)
  2 basilisks
  9 vampire mosquitoes
  A steam dragon (D:7)
  A warg (Orc:1)
  2 water moccasins
  2 acid dragons
  16 orc warriors
  A sky beast (D:7)
  An ogre (D:12)
  A black bear (D:3)
  2 ice beasts
  3 wolves
  A phantom (D:7)
  7 centaurs
  A kobold brigand (D:8)
  5 bullfrogs
  2 scorpions
  6 killer bees (D:9)
  3 howler monkeys
  2 vampire bats (D:7)
  2 bullfrog zombies (D:5)
  A hound (D:4)
  3 jellies
  7 orc priests
  2 gnoll shamans
  2 iguanas
  Crazy Yiuf (D:2)
  A scorpion zombie (D:4)
  5 orc wizards
  A hound zombie (D:5)
  2 hound skeletons (D:5)
  2 howler monkey zombies
  5 adders
  14 gnolls
  A howler monkey skeleton (D:6)
  2 white imps (D:6)
  A worm (D:5)
  4 dart slugs
  38 orcs
  6 ball pythons
  2 bat skeletons (D:7)
  5 bat zombies (D:7)
  5 endoplasms
  A giant cockroach (D:1)
  5 goblins
  10 kobolds
  3 bats
  6 frilled lizards
  4 rats
  A butterfly (D:7)
317 creatures vanquished.

Vanquished Creatures (collateral kills)
  A cyclops (D:12)
1 creature vanquished.

Vanquished Creatures (others)
  A cyclops (D:12)
  3 fungi
  10 plants
14 creatures vanquished.

Grand Total: 332 creatures vanquished

Notes
Turn   | Place    | Note
-------+----------+-------------------------------------------
     0 | D:1      | bearlyready the Hill Orc Gladiator began the quest for the
                  | Orb.
     0 | D:1      | Reached XP level 1. HP: 18/18 MP: 1/1
   246 | D:1      | Reached XP level 2. HP: 25/25 MP: 2/2
   556 | D:1      | Reached skill level 5 in Axes
   660 | D:1      | Reached XP level 3. HP: 28/30 MP: 3/3
  1085 | D:2      | Found Eplut's Assorted Antiques.
  1802 | D:2      | Found a runed translucent door.
  1803 | D:2      | Noticed Crazy Yiuf
  2005 | D:2      | Killed Crazy Yiuf
  2006 | D:2      | Reached skill level 6 in Axes
  2006 | D:2      | Reached XP level 4. HP: 37/37 MP: 4/4
  2619 | D:3      | Reached skill level 7 in Axes
  2633 | D:2      | Reached XP level 5. HP: 12/42 MP: 5/5
  3087 | D:3      | Found a bloodstained altar of Trog.
  3102 | D:3      | Became a worshipper of Trog the Wrathful
  3297 | D:3      | Found a burning altar of Makhleb.
  3306 | D:3      | Noticed a black bear
  3313 | D:3      | Killed a black bear
  3314 | D:3      | Reached XP level 6. HP: 37/50 MP: 6/6
  3538 | D:4      | Reached skill level 8 in Axes
  4036 | D:4      | Noticed a two-headed ogre
  4120 | D:3      | Killed a two-headed ogre
  4121 | D:3      | Reached skill level 9 in Axes
  4121 | D:3      | Reached skill level 5 in Throwing
  4121 | D:3      | Reached XP level 7. HP: 22/56 MP: 7/7
  4121 | D:3      | Reached XP level 8. HP: 24/62 MP: 8/8
  4652 | D:4      | Reached skill level 10 in Axes
  4781 | D:5      | Entered Level 5 of the Dungeon
  4784 | D:5      | Found Bataemi's Distillery.
  4791 | D:5      | Bought a potion of curing for 30 gold pieces
  4791 | D:5      | Bought a potion of heal wounds for 50 gold pieces
  4794 | D:5      | Identified the +3 leather armour of Ponn {rPois}
  5050 | D:5      | Identified the -2 helmet of Ferocious Mirth {rElec rF+
                  | Str-3}
  5555 | D:5      | Found a shadowy altar of Dithmenos.
  5830 | D:6      | Found a snail-covered altar of Cheibriados.
  6513 | D:6      | Reached skill level 5 in Fighting
  6513 | D:6      | Reached skill level 11 in Axes
  7032 | D:6      | Noticed Sigmund
  7045 | D:6      | Killed Sigmund
  7184 | D:7      | Reached XP level 9. HP: 38/78 MP: 9/9
  7409 | D:7      | Reached * piety under Trog
  7468 | D:7      | Found a shimmering blue altar of Sif Muna.
  7612 | D:7      | Reached skill level 12 in Axes
  7796 | D:7      | Found a staircase to the Ecumenical Temple.
  7830 | D:7      | Found an ancient bone altar of Kikubaaqudgha.
  7835 | D:7      | Reached skill level 1 in Evocations
  7898 | D:7      | Noticed Prince Ribbit
  7906 | D:7      | Killed Prince Ribbit
  8400 | D:8      | Found a glowing golden altar of the Shining One.
  8431 | D:8      | Found a staircase to the Lair.
  8685 | D:8      | Reached XP level 10. HP: 34/88 MP: 10/10
  9425 | D:8      | Found an ornate altar of the Wu Jian Council.
  9643 | D:8      | Reached skill level 13 in Axes
  9729 | D:8      | Noticed a two-headed ogre
  9765 | D:8      | Killed a two-headed ogre
  9771 | D:8      | Reached ** piety under Trog
 10777 | D:9      | Reached skill level 5 in Evocations
 10943 | D:9      | Found a basalt altar of Yredelemnul.
 11271 | D:9      | Noticed Grum
 11832 | D:9      | Killed Grum
 11833 | D:9      | Reached XP level 11. HP: 86/99 MP: 11/11
 11974 | D:9      | Reached skill level 14 in Axes
 12102 | D:9      | Reached skill level 10 in Fighting
 12364 | D:9      | Found a runed translucent gate.
 12364 | D:9      | Found a runed translucent gate.
 12364 | D:9      | Found a runed translucent gate.
 12366 | D:9      | Noticed siradein's ghost (novice DsFi)
 12728 | D:10     | Entered Level 10 of the Dungeon
 12929 | D:10     | Noticed a two-headed ogre
 12966 | D:10     | Killed a two-headed ogre
 13772 | D:11     | Noticed a skeletal warrior
 13772 | D:11     | Noticed a skeletal warrior
 13772 | D:11     | Noticed a skeletal warrior
 13772 | D:11     | Noticed a skeletal warrior
 13772 | D:11     | Noticed a skeletal warrior
 13828 | D:10     | Killed a skeletal warrior
 14648 | D:10     | HP: 2/101 [skeletal warrior[a skeletal warrior] (31)]
 14804 | Lair:1   | Entered Level 1 of the Lair of Beasts
 15693 | Lair:1   | Reached skill level 15 in Axes
 16240 | Lair:1   | Identified a scroll of acquirement
 16242 | Lair:1   | Acquired a +1 broad axe of electrocution
 16247 | Lair:2   | Found a staircase to the Swamp.
 16248 | Lair:2   | Noticed a boulder beetle
 16330 | Lair:1   | Reached skill level 1 in Armour
 16775 | D:10     | Killed a skeletal warrior
 16776 | D:10     | Reached XP level 12. HP: 101/110 MP: 12/12
 17253 | D:11     | Found a staircase to the Orcish Mines.
 17253 | D:11     | Noticed Urug
 17755 | D:12     | Noticed a boulder beetle
 17778 | D:12     | Killed a boulder beetle
 18306 | D:12     | Noticed a death knight
 18314 | D:12     | Killed a death knight
 18690 | D:12     | Found a roughly hewn altar of Beogh.
 19202 | D:12     | Reached *** piety under Trog
 19557 | D:13     | Found a portal to a secret trove of treasure.
 19586 | D:13     | Noticed Josephine
 19596 | D:13     | Reached skill level 16 in Axes
 19596 | D:13     | Killed Josephine
 19942 | D:13     | Reached skill level 5 in Armour
 20114 | D:13     | Noticed a centaur warrior
 20125 | D:13     | Killed a centaur warrior
 20483 | D:13     | Noticed Kirke
 20514 | D:13     | Killed Kirke
 20515 | D:13     | Reached XP level 13. HP: 103/119 MP: 13/13
 20918 | D:12     | Reached skill level 5 in Dodging
 21250 | D:13     | Reached skill level 1 in Shields
 21931 | D:14     | Found a gate to the Vaults.
 22560 | D:14     | Found a shimmering altar of Xom.
 22656 | D:14     | HP: 5/122 [skeletal warrior[a skeletal warrior] (21)]
 23914 | D:14     | Reached skill level 17 in Axes
 24101 | D:15     | Entered Level 15 of the Dungeon
 24515 | D:14     | Paralysed by an orc sorcerer for 4 turns
 25156 | D:15     | Reached **** piety under Trog
 25625 | D:15     | Found a staircase to the Depths.
 25687 | D:14     | Reached XP level 14. HP: 118/130 MP: 14/14
 25806 | D:11     | Reached skill level 5 in Shields
 25814 | Orc:1    | Entered Level 1 of the Orcish Mines
 26293 | Orc:1    | HP: 5/195 [orc knight (18)]
 26298 | Orc:1    | Slain by an orc warrior

Illustrated notes

Levels and vault maps discovered:
D:1:      lightli_arrival_lavapool, layout_loops_ring, skrybe_limestone_x,
          st_stairs_5, minmay_split_cup_small
D:2:      layout_rooms, serial_co_window_serial, co_window_of_opportunity_a,
          co_window_paths_a, co_window_of_opportunity_a, co_window_paths_b,
          co_window_paths_a, co_window_paths_a, co_window_of_opportunity_a,
          co_window_paths_c, co_window_of_opportunity_c, co_window_corner_ca,
          co_window_corner_ca, co_window_of_opportunity_c, co_window_2corner,
          co_window_of_opportunity_c, glass_columns_c, glass_columns_a,
          glass_columns_a, serial_shops, nicolae_diamond_shop,
          chequers_serial_rivers_room_a, serial_bayou_pond_d,
          uniq_crazy_yiuf_cottage
D:3:      layout_basic, trog_three_pillars_becter, bloody_makhleb
D:4:      layout_loops_corners
D:5:      layout_basic, nicolae_dithmenos_through_a_glass_darkly, serial_shops,
          nicolae_shop_statue_plus
D:6:      layout_rooms, cheibriados_altar_1, serial_co_window_serial,
          co_window_corner_a, co_window_paths_b, co_window_paths_a,
          co_window_paths_a, co_window_corner_a, co_window_of_opportunity_b,
          co_window_unsneaky_path_e, co_window_broadway_a, co_window_broadway_b,
          co_window_4corner_a, co_window_4corner_b, glass_columns_b,
          glass_columns_b, glass_columns_a, uniq_sigmund
D:7:      layout_loops_cross, kennysheep_vampire_church,
          mainiacjoe_overflow_catwalk, minmay_temple_entry_butterflies,
          minmay_misc_feat_more_columns, hellmonk_bongcloud_opening,
          uniq_prince_ribbit1
D:8:      layout_loops_corners, tso_metal_star, nzn_wu_jian_council_hall,
          dpeg_oklobed_lair, minmay_misc_feat_iff
D:9:      layout_gridville, old_standard_altar, gammafunk_ghost_split,
          eino_small_chamber_without_monster, uniq_grum
D:10:     layout_loops_cross
D:11:     layout_cave_pods, david_orc_3, uniq_urug
D:12:     layout_rooms, special_room [special_room_orc]
D:13:     layout_basic, enter_trove_0, uniq_josephine, uniq_kirke
D:14:     layout_loops_ring, david_vaults_4, xom_teletrap_fun,
          gauntlet_entry_generic, drop_trap
D:15:     grunt_enter_depths_magical_seal, layout_rooms, serial_shops,
          nicolae_shop_window_shopping, serial_bayou_pond_b
Lair:1:   layout_hall_layers
Lair:2:   layout_chaotic_city, swamp_mist_pool,
          minmay_snake_entry_guardpost_small, ebering_ghost_inner_flame
Orc:1:    layout_caves

Skill      XL: |  1  2  3  4  5  6  7  8  9 10 11 12 13 14 |
---------------+-------------------------------------------+-----
Axes           | 5 6 7 9 11 12 13 15 16 17 | 17.4
Throwing       | 3 5 6 7 8 |  8.0
Fighting       | 6 8 9 11 12 13 | 13.9
Evocations     | 3 5 7 9 |  9.1
Armour         | 1 5 7 |  7.7
Dodging        | 3 4 6 |  6.5
Shields        | 4 5 |  5.2

Action                   |  1- 3 |  4- 6 |  7- 9 | 10-12 | 13-15 || total
-------------------------+-------+-------+-------+-------+-------++-------
Melee: War axe           |    59 |    53 |   162 |   281 |       ||   555
       Hand axe          |       |    27 |    96 |       |       ||   123
       Battleaxe         |       |       |       |    32 |       ||    32
       Broad axe         |       |       |       |   217 |   249 ||   466
Throw: Throwing net      |     2 |     5 |       |       |       ||     7
       Dart              |       |     7 |    10 |    75 |       ||    92
       Boomerang         |       |     4 |       |    34 |    36 ||    74
Invok: Berserk           |       |       |       |     3 |     2 ||     5
       Trog's Hand       |       |       |       |       |     1 ||     1
Evoke: Piece from Xom's  |       |       |       |    11 |     3 ||    14
       Wand              |       |       |       |    13 |    17 ||    30
  Use: Scroll            |       |       |     5 |    10 |     9 ||    24
       Potion            |       |       |     1 |     3 |     2 ||     6
 Stab: Held in net/web   |     1 |     3 |       |       |       ||     4
       Petrified         |       |       |       |     6 |       ||     6
       Confused          |       |       |       |     3 |     2 ||     5
       Paralysed         |       |       |       |       |    11 ||    11
Armor: Leather armour    |     6 |       |    80 |   160 |    11 ||   257
       Scale mail        |     9 |    38 |     6 |       |       ||    53
       Acid dragon scale |       |       |       |       |    89 ||    89
Dodge: Dodged            |    40 |    51 |   104 |   289 |   115 ||   599
Block: Tower shield      |       |       |       |       |   173 ||   173

Table legend: (Time is in decaauts)
 A = Elapsed time spent in this place.
 B = Non-inter-level travel time spent in this place.
 C = Inter-level travel time spent in this place.
 D = Time resting spent in this place.
 E = Time spent auto-exploring this place.
 F = Levels seen in this place.
 G = Mean time per level.
                   A        B        C        D        E       F      G
               +--------+--------+--------+--------+--------+-----+--------+
         Total |  26249 |  25128 |   1121 |   5568 |  16135 |  18 | 1458.3 |
       Dungeon |  23915 |  22855 |   1060 |   4955 |  14692 |  15 | 1594.3 |
          Lair |   1847 |   1786 |     61 |    613 |   1048 |   2 |  923.5 |
  Orcish Mines |    487 |    487 |      0 |      0 |    395 |   1 |  487.0 |
               +--------+--------+--------+--------+--------+-----+--------+

Top non-repeatable levels by time:
     D:8: 3007 daAuts
    D:14: 2988 daAuts
    D:13: 2306 daAuts
  Lair:1: 1836 daAuts
    D:12: 1820 daAuts
     D:2: 1761 daAuts
    D:11: 1738 daAuts
    D:10: 1720 daAuts
     D:9: 1489 daAuts
     D:6: 1403 daAuts
     D:7: 1234 daAuts
     D:3: 1104 daAuts
     D:4: 988 daAuts
     D:1: 949 daAuts
     D:5: 917 daAuts
